 Dungeon Crawl Stone Soup version 0.30-a0-1053-gbd8d5ba0ad (webtiles) character file.

Game seed: 5735632700256351459

11 domi the Digger (level 2, -1/20 HPs)
             Began as a Meteoran Earth Elementalist on Apr 11, 2023.
             Succumbed to an adder's poison
             ... on level 2 of the Dungeon.
             The game lasted 00:01:42 (288 turns).

domi the Digger (Meteoran Earth Elementalist)        Turns: 288, Time: 00:01:43

Health: -1/20      AC:  2    Str:  9    XL:     2   Next: 52%
Magic:  1/6        EV: 12    Int: 16    God:
Gold:   34         SH:  0    Dex: 14    Spells: 5/6 levels left

rFire   . . .      SeeInvis .    (no weapon)
rCold   . . .      Faith    .    (no shield)
rNeg    . . .      Spirit   .    a - +0 robe
rPois   .          Reflect  .    (no helmet)
rElec   .          Rampage  .    (no cloak)
rCorr   .                        (no gloves)
Will    .....                    (no boots)
Stlth   +                        (no amulet)
HPRegen 0.23/turn                (no ring)
MPRegen 0.10/turn                (no ring)

@: lethally poisoned (-1 -> -5), glowing
A: sense surroundings 1, otherworldly, glowing, explore regen
a: no special abilities


You were on level 2 of the Dungeon.
You visited 1 branch of the dungeon, and saw 2 of its levels.

You collected 34 gold pieces.

Inventory:

Missiles
 g - 6 poisoned darts (quivered)
Armour
 a - a +0 robe (worn)
 f - an orb of energy
   (You found it on level 1 of the Dungeon)
Scrolls
 c - a scroll of identify {unknown}
 d - a scroll of enchant armour {unknown}
 e - a scroll of magic mapping {unknown}
Potions
 b - a potion of magic


   Skills:
 - Level 2.4 Dodging
 - Level 1.4 Stealth
 - Level 2.6 Spellcasting
 - Level 1.2 Transmutations
 + Level 4.4 Earth Magic


You had 5 spell levels left.
You knew the following spells:

 Your Spells              Type           Power      Damage    Failure   Level
z - Sandblast             Erth           32%        2d9       3%          1

Your spell library contained the following spells:

 Spells                   Type           Power      Damage    Failure   Level
 Passwall                 Tmut/Erth      9%         N/A       9%          2
 Stone Arrow              Conj/Erth      18%        3d8       24%         3
 Petrify                  Tmut/Erth      11%        N/A       52%         4


Dungeon Overview and Level Annotations

Branches:
Dungeon (2/15) Zot: 904

Altars:


Innate Abilities, Weirdness & Mutations

You passively map a small area around you.
You are easily found by Zot.
You glow in the dark.
You regain HP and MP as you explore.


Message History

You kill the quokka!
A ball python comes into view.
The ball python hisses angrily.
Aim: a ball python (80% to hit)
The blast of sand hits the ball python!
You kill the ball python!
An endoplasm comes into view.
Aim: an endoplasm (wandering, hasn't noticed you, 98% to hit)
The blast of sand hits the endoplasm.
The endoplasm quivers.
Aim: an endoplasm (heavily wounded, 98% to hit)
The blast of sand hits the endoplasm!
You kill the endoplasm!
Your Earth Magic skill increases to level 4!
You have reached level 2!
You see here a ball python corpse.
You open the door.
There is an open door here.
e - a scroll labelled CITENE WAGAANNEYCA A hobgoblin comes into view.
The hobgoblin shouts!
Aim: a hobgoblin (82% to hit)
The blast of sand hits the hobgoblin!
You kill the hobgoblin!
You see here an orb of energy.
f - an orb of energy A bat and a kobold come into view.
The bat barely misses you.
You hit the bat but do no damage.
The kobold shouts!
The bat misses you. The bat barely misses you.
A kobold comes into view. It is wielding a +0 short sword.
The bat hits you but does no damage. x2
Aim: a bat (73% to hit)
The blast of sand hits the bat.
You kill the bat!
Aim: a kobold, wielding a +0 short sword and quivering stones (77% to hit)
The blast of sand hits the kobold!
You kill the kobold!
A goblin comes into view. It is wielding a +0 club.
The kobold hits you with a +0 short sword.
Aim: a kobold, wielding a +0 short sword (77% to hit)
The blast of sand hits the kobold.
The goblin shouts!
The kobold barely misses you.
Aim: a kobold, wielding a +0 short sword (moderately wounded, 77% to hit)
The blast of sand hits the kobold.
You kill the kobold!
Aim: a goblin, wielding a +0 club and wearing a ring of fire (77% to hit)
The blast of sand hits the goblin!
You kill the goblin!
You now have 22 gold pieces (gained 12).
You see here a +0 short sword.
Things that are here:
a +0 short sword; 5 stones You now have 34 gold pieces (gained 12).
You open the door.
There is an open door here.
You open the door.
There is an open door here.
Found a stone staircase leading down.
An endoplasm comes into view.
The endoplasm quivers.
There is a stone staircase leading down here.
You climb downwards.
There is a stone staircase leading up here.
Aim: a bat (73% to hit)
The blast of sand hits the bat!
You kill the bat!
You see here 6 poisoned darts.
g - 6 poisoned darts
Okay, then.
An adder comes into view.
The adder moves out of view.
Aim: an adder (70% to hit)
The blast of sand misses the adder.
The adder bites you.
You are poisoned.
The adder poisons you! The adder bites you.
Aim: an adder (70% to hit)
The blast of sand misses the adder.
You feel very sick. The adder bites you. x2
You are more poisoned.
The adder poisons you!
Aim: an adder (70% to hit)
The blast of sand misses the adder.
You feel very sick. The adder bites you.
* * * LOW HITPOINT WARNING * * *
The adder barely misses you.
Aim: an adder (70% to hit)
The blast of sand hits the adder!
* * * LOW HITPOINT WARNING * * *
You feel sick. The adder bites you.
* * * LOW HITPOINT WARNING * * *
The adder bites you but does no damage.
Unknown command.
Aim: an adder (severely wounded, 70% to hit)
The blast of sand misses the adder.
You die...

* * * * , # , #.##* #
#...### ##. *
#...##############.. *
#@................
.......S.#############.#
.#####...# ......... ,
#...# , ###...... *
#.#..* * * #.....< *
#.#... * #...... ,
#.#.#. * * #..†... ,
#.#.##. #...... , , *
#.#####


You could see an adder.

Vanquished Creatures
  An endoplasm (D:1)
  A goblin (D:1)
  2 hobgoblins (D:1)
  2 kobolds (D:1)
  A quokka (D:1)
  A ball python (D:1)
  2 bats
10 creatures vanquished.

Vanquished Creatures (others)
  3 octopodes (D:1)
  A gargoyle (D:1)
  A vine stalker (D:1)
  An elf (D:1)
  2 spriggans (D:1)
  A felid (D:1)
  A mummy (D:1)
  2 gnolls (D:1)
  12 tentacles (D:1)
24 creatures vanquished.

Grand Total: 34 creatures vanquished

Notes
Turn   | Place    | Note
-------+----------+-------------------------------------------
     0 | D:1      | domi the Meteoran Earth Elementalist began the quest for
                  | the Orb.
     0 | D:1      | Reached XP level 1. HP: 14/14 MP: 5/5
     0 | D:1      | Noticed a spriggan
     0 | D:1      | Noticed a spriggan
     0 | D:1      | Noticed an octopode
     0 | D:1      | Noticed an octopode
     0 | D:1      | Noticed a kraken
     0 | D:1      | Noticed an octopode
     0 | D:1      | Noticed an elf
     0 | D:1      | Noticed a vine stalker
     0 | D:1      | Noticed a gargoyle
     0 | D:1      | Noticed a felid
     3 | D:1      | Killed a spriggan
     7 | D:1      | Killed a spriggan
     8 | D:1      | Killed an octopode
    11 | D:1      | Killed an octopode
    13 | D:1      | Killed an octopode
    15 | D:1      | Killed an elf
    17 | D:1      | Killed a vine stalker
    20 | D:1      | Killed a felid
    22 | D:1      | Killed a gargoyle
    27 | D:1      | Found a faded altar of an unknown god.
    81 | D:1      | Reached skill level 4 in Earth Magic
    81 | D:1      | Reached XP level 2. HP: 20/20 MP: 2/6
   286 | D:2      | HP: 3/20 [adder (4)]
   287 | D:2      | HP: 1/20 [adder (1)]
   288 | D:2      | Succumbed to an adder's poison

Illustrated notes

Levels and vault maps discovered:
D:1:      nicolae_arrival_kraken_aquarium_a, layout_loops_corners,
          shapermc_ecumenical_altar_gd, minmay_pentomino_s4
D:2:      layout_basic, minmay_goblin_kobold_house, uniq_terence

Skill      XL: |  1 |
---------------+----+-----
Earth Magic    | 4 |  4.4
Dodging        | |  2.4
Stealth        | |  1.4
Spellcasting   | |  2.6
Transmutations | |  1.2

Action                     || total
---------------------------++-------
  Melee: Unarmed           ||     1
   Cast: Sandblast         ||    17
 Armour: Robe              ||     3
  Dodge: Dodged            ||     5

Table legend: (Time is in decaauts)
 A = Elapsed time spent in this place.
 B = Non-inter-level travel time spent in this place.
 C = Inter-level travel time spent in this place.
 D = Time resting spent in this place.
 E = Time spent auto-exploring this place.
 F = Levels seen in this place.
 G = Mean time per level.
                   A        B        C        D        E       F      G
               +--------+--------+--------+--------+--------+-----+--------+
         Total |    295 |    295 |      0 |      0 |      0 |   2 |  147.5 |
       Dungeon |    295 |    295 |      0 |      0 |      0 |   2 |  147.5 |
               +--------+--------+--------+--------+--------+-----+--------+

Top non-repeatable levels by time:
     D:1: 268 daAuts
     D:2: 27 daAuts

Table legend:
 A = Kills in this place as a percentage of kills in the entire game.
 B = Kills by you in this place as a percentage of kills by you in the entire game.
 C = Kills by friends in this place as a percentage of kills by friends in the entire game.
 D = Other kills in this place as a percentage of other kills in the entire game.
 E = Experience gained in this place as a percentage of experience gained in the entire game.
 F = Experience gained in this place divided by the number of levels of this place that you have seen.
                   A       B       C       D       E      F
               +-------+-------+-------+-------+-------+----------------------
         Total | 100.0 | 100.0 |   N/A |   N/A | 100.0 |   8.0
       Dungeon | 100.0 | 100.0 |   N/A |   N/A | 100.0 |   8.0
               +-------+-------+-------+-------+-------+----------------------
